 Dungeon Crawl Stone Soup version 0.20-a0-1122-gb7cbeb9 (webtiles) character file.

326 MatthieuS the Ruffian (level 6, 0/57 HPs)
             Began as a Troll Transmuter on May 11, 2017.
             Was a Believer of Makhleb.
             Slain by a bullfrog (1 damage)
             ... in a sewer.
             The game lasted 00:08:00 (2003 turns).

MatthieuS the Ruffian (Troll Transmuter)            Turns: 2003, Time: 00:08:00

Health: 0/57       AC:  5    Str: 24    XL:     6   Next: 24%
Magic:  6/6        EV: 10    Int: 11    God:    Makhleb [**....]
Gold:   152        SH:  0    Dex: 12    Spells: 1/7 levels left

rFire    . . .     SeeInvis .     - Unarmed
rCold    . . .     Gourm    +   (no shield)
rNeg     . . .     Faith    .   b - +0 robe
rPois    .         Spirit   .   (helmet restricted)
rElec    .         Reflect  .   (no cloak)
rCorr    .         Harm     .   (gloves unavailable)
MR       .....                  (boots unavailable)
Stlth    ++........             m - amulet of magic regeneration
Regen    0.6/turn               (no ring)
MPRegen  0.2/turn               (no ring)

@: mighty, slowed, very slow
A: unfitting armour, claws 3, camouflage 1, agile 1, fast metabolism 3,
gourmand, regeneration 1, shaggy fur 1, tough skin 2, evolution 1
a: Minor Destruction, Renounce Religion


You were in a sewer.
You worshipped Makhleb.
Makhleb was pleased with you.
You were very full.

You visited 1 branch of the dungeon, and saw 3 of its levels.
You also visited: Sewer.

You collected 152 gold pieces.

Inventory:

Missiles
 a - 30 arrows
Armour
 b - a +0 robe (worn)
Jewellery
 m - an amulet of magic regeneration (around neck)
Scrolls
 e - 2 scrolls of amnesia
 g - a scroll of magic mapping
 i - 2 scrolls of identify {unknown}
 j - 2 scrolls of remove curse {unknown}
 q - a scroll of enchant weapon {unknown}
 v - a scroll of fear {unknown}
 w - a scroll of fog {unknown}
 x - a scroll of recharging {unknown}
Potions
 f - a potion of curing
 k - 2 potions of mutation
 p - a potion of heal wounds {unknown}
 s - a potion of might
 t - a potion of magic {unknown}
 u - a potion of haste {unknown}
Books
 c - a book of Changes

   Spells                             Type                      Level
   a - Beastly Appendage              Transmutation                1
   b - Sticks to Snakes               Transmutation                2
   c - Spider Form                    Transmutation/Poison         3
   d - Ice Form                       Ice/Transmutation            4
   e - Blade Hands                    Transmutation                5
Comestibles
 d - 4 bread rations
 l - 2 royal jellies
 n - 2 meat rations
 r - 2 chunks of flesh


   Skills:
 - Level 2.3 Fighting
 - Level 1.5 Dodging
 - Level 5.3 Unarmed Combat
 - Level 1.2 Spellcasting
 + Level 3.0 Transmutations


You had one spell level left.
You knew the following spells:

 Your Spells              Type           Power        Failure   Level  Hunger
a - Beastly Appendage     Tmut           #.....       9%          1    ##.....
b - Spider Form           Tmut/Pois      #.........   45%         3    ####...
c - Sticks to Snakes      Tmut           #.......     14%         2    ###....


Dungeon Overview and Level Annotations

Branches:
Dungeon (3/15)

Altars:
Dithmenos
Gozag
Makhleb
Sif Muna
Wu Jian
The Shining One


Innate Abilities, Weirdness & Mutations

You are too large for most types of armour.
You have claws for hands.
Your metabolism is lightning-fast.
You like to eat raw meat.
Your natural rate of healing is unusually fast.
You are covered in fur. (AC +1)
You have very tough skin. (AC +2)
Your skin changes colour to match your surroundings (Stealth+).
You are agile. (Dex +2)
You evolve.


Message History

The bullfrog hits you.
* * * LOW HITPOINT WARNING * * *
The bullfrog swells and bulges.
The bullfrog hits you.
* * * LOW HITPOINT WARNING * * *
You mangle the bullfrog!!
You kill the bullfrog!
Makhleb accepts your kill.
You feel better.
Your Transmutations skill increases to level 3!
The bullfrog hits you!
* * * LOW HITPOINT WARNING * * *
You barely miss the bullfrog.
You are no longer berserk.
You are exhausted.
You feel yourself slow down. The bullfrog barely misses you.
You completely miss the bullfrog. The bullfrog hits you.
* * * LOW HITPOINT WARNING * * *
The bullfrog hits you.
You die...

≈≈≈≈≈#
#####≈≈≈≈≈≈#
≈†≈≈≈#
#≈≈≈≈≈≈#
≈≈≈≈≈#
#≈≈≈≈≈≈#
≈≈≈÷≈#
#≈≈≈≈≈≈#
≈≈≈≈≈#
#≈≈≈≈≈≈#
≈≈..≈#
#≈≈≈≈≈≈#
....≈#
#≈≈≈#≈≈#
≈≈.≈##
#≈≈≈≈.≈#
≈≈≈≈≈#
#≈≈≈J@≈#
≈≈≈≈≈#
#≈≈≈≈F†#
≈≈≈≈≈#
#≈≈≈≈≈≈#
≈≈≈≈≈#
#≈≈≈≈≈≈#
≈≈≈≈≈#
#≈≈≈≈†≈#
≈≈≈≈≈#
#≈≈≈≈≈≈#
≈≈≈≈≈#
#≈≈≈≈≈≈#
.....#
##..≈≈##
.....#
*****......*


You could see a bullfrog and an ooze.

Vanquished Creatures
  A bullfrog (Sewer)
  A hound (D:3)
  3 gnolls (D:3)
  2 river rats (Sewer)
  9 adders
  3 oozes
  3 worms (D:2)
  4 dart slugs
  4 leopard geckos
  2 orcs (D:3)
  7 bats
  5 giant cockroaches
  4 goblins (D:2)
  8 hobgoblins
  5 kobolds
  3 quokkas
  6 ball pythons
  6 frilled lizards
  33 rats
109 creatures vanquished.

Vanquished Creatures (collateral kills)
  An adder (Sewer)
  2 ball pythons (Sewer)
3 creatures vanquished.

Grand Total: 112 creatures vanquished

Notes
Turn   | Place    | Note
-------+----------+-------------------------------------------
     0 | D:1      | MatthieuS the Troll Transmuter began the quest for the Orb.
     0 | D:1      | Reached XP level 1. HP: 18/18 MP: 1/1
    17 | D:1      | Reached skill level 1 in Fighting
   115 | D:1      | Reached XP level 2. HP: 27/27 MP: 2/2
   448 | D:2      | Reached XP level 3. HP: 31/33 MP: 3/3
   452 | D:2      | Reached skill level 4 in Unarmed Combat
   689 | D:2      | Found an opulent altar of Gozag.
   725 | D:2      | Found a glowing golden altar of the Shining One.
   766 | D:2      | Reached XP level 4. HP: 35/42 MP: 4/4
  1052 | D:2      | Found a deep blue altar of Sif Muna.
  1053 | D:2      | Found an ornate altar of the Wu Jian Council.
  1053 | D:2      | Found a burning altar of Makhleb.
  1067 | D:2      | Became a worshipper of Makhleb the Destroyer
  1179 | D:3      | Found a shadowy altar of Dithmenos.
  1277 | D:3      | Reached skill level 5 in Unarmed Combat
  1365 | D:3      | Found a faded altar of an unknown god.
  1428 | D:3      | Reached XP level 5. HP: 49/49 MP: 5/5
  1543 | D:3      | Found a glowing drain.
  1556 | Sewer    | Entered a sewer
  1578 | Sewer    | Learned a level 3 spell: Spider Form
  1581 | Sewer    | Learned a level 2 spell: Sticks to Snakes
  1608 | Sewer    | Reached * piety under Makhleb
  1840 | Sewer    | Reached ** piety under Makhleb
  1977 | Sewer    | Reached XP level 6. HP: 55/57 MP: 1/6
  1985 | Sewer    | Gained mutation: Your skin changes colour to match your surroundings (Stealth+). [potion of mutation]
  1985 | Sewer    | Gained mutation: You are agile. (Dex +2) [potion of mutation]
  1985 | Sewer    | Gained mutation: You evolve. [potion of mutation]
  1996 | Sewer    | HP: 3/85 [bullfrog (9)]
  2001 | Sewer    | HP: 2/85 [bullfrog (7)]
  2003 | Sewer    | Slain by a bullfrog

Vault maps used:
D:1:      minmay_arrival_cross
D:2:      grunt_gozag_statues, nicolae_tso_swordbearing_angel,
          gammafunk_temple_overflow_forgotten, first_bread
D:3:      gup_sewer_entry_pipe, chequers_ecumenical_altar_simple_redux,
          grunt_ministairs_7, corexii_item_surrounded_by_moat,
          serial_bayou_lagoon_a, columned_hall_lemuel,
          nicolae_dithmenos_through_a_glass_darkly, uniq_jessica
Sewer:    sewer_minmay_w

Skill      XL: |  1  2  3  4  5  6 |
---------------+-------------------+-----
Fighting       | 1 2 |  2.3
Unarmed Combat | 4 5 |  5.3
Transmutations | 2 3 |  3.0
Dodging        | |  1.5
Spellcasting   | |  1.2

Action                   |  1- 3 |  4- 6 || total
-------------------------+-------+-------++-------
Melee: Unarmed           |    83 |   189 ||   272
       Punch             |     1 |     2 ||     3
 Cast: Sticks to Snakes  |       |     2 ||     2
  Use: Scroll            |       |     2 ||     2
       Potion            |       |     6 ||     6
  Eat: Chunk             |    11 |    12 ||    23
       Royal jelly       |     1 |       ||     1
Armor: Robe              |    35 |   107 ||   142
Dodge: Dodged            |    44 |   166 ||   210
